 Dungeon Crawl Stone Soup version 0.22-a0-93-g6b88ebb (webtiles) character file.

2663 KristoblXynda the Fighter (level 9, 0/82 HPs)
             Began as a Purple Draconian Monk on Jan 22, 2018.
             Was a Believer of Wu Jian.
             Slain by a killer bee (10 damage)
             ... on level 7 of the Dungeon on Jan 23, 2018.
             The game lasted 00:13:44 (7649 turns).

KristoblXynda the Fighter (Purple Draconian Monk)   Turns: 7649, Time: 00:13:45

Health: 0/82       AC: 10    Str: 16    XL:     9   Next: 36%
Magic:  9/9        EV: 16    Int: 15    God:    Wu Jian [**....]
Gold:   241        SH:  0    Dex: 13    Spells: 7/8 levels left

rFire    . . .     SeeInvis .     - Unarmed
rCold    . . .     Gourm    .   (no shield)
rNeg     . . .     Faith    .   (armour unavailable)
rPois    .         Spirit   .   (helmet restricted)
rElec    .         Reflect  .   c - +0 cloak
rCorr    .         Harm     .   k - +1 pair of gloves
MR       +....                  (no boots)
Stlth    ++........             (no amulet)
HPRegen  0.23/turn              j - +3 ring of strength
MPRegen  0.11/turn              (no ring)

@: lethally poisoned (0 -> 0)
A: breathe power, unfitting armour, cold-blooded, AC +7
a: Breathe Dispelling Energy, Wall Jump, Renounce Religion


You were on level 7 of the Dungeon.
You worshipped Wu Jian.
Wu Jian was pleased with you.
You were not hungry.

You visited 2 branches of the dungeon, and saw 9 of its levels.

You collected 241 gold pieces.

Inventory:

Hand Weapons
 u - a +1 dagger of holy wrath
Missiles
 l - a throwing net (quivered)
Armour
 c - a +0 cloak (worn)
 k - a +1 pair of gloves (worn)
Magical Staves
 d - an uncursed staff of energy
Jewellery
 j - a +3 ring of strength (left hand)
Scrolls
 e - 2 scrolls of enchant armour
 f - a scroll of immolation
 p - a scroll of blinking
Potions
 b - 2 potions of magic
 h - 3 potions of resistance
 i - a potion of cancellation
 n - a potion of lignification {unknown}
 q - a potion of heal wounds {unknown}
Books
 g - a book of Clouds

   Spells                             Type                      Level
   a - Poisonous Vapours              Poison/Air                   2
   b - Mephitic Cloud                 Conjuration/Poison/Air       3
   c - Conjure Flame                  Conjuration/Fire             3
   d - Freezing Cloud                 Conjuration/Ice/Air          6
   e - Ring of Flames                 Charms/Fire                  7
 m - a book of Flames

   Spells                             Type                      Level
   a - Flame Tongue                   Conjuration/Fire             1
   b - Throw Flame                    Conjuration/Fire             2
   c - Conjure Flame                  Conjuration/Fire             3
   d - Inner Flame                    Hexes/Fire                   3
   e - Sticky Flame                   Conjuration/Fire             4
   f - Fireball                       Conjuration/Fire             5
 o - the Handbook of Helpful Shape Shifting
   (You found it on level 3 of the Dungeon)

   Spells                             Type                      Level
   a - Infusion                       Charms                       1
   b - Beastly Appendage              Transmutation                1
   c - Spectral Weapon                Hexes/Charms                 3
   d - Blade Hands                    Transmutation                5
Comestibles
 a - 8 rations
 r - 2 chunks of flesh


   Skills:
 + Level 8.7 Fighting
 + Level 7.3 Dodging
 - Level 1.7 Stealth
 + Level 7.9 Unarmed Combat
 + Level 1.1 Evocations


You had 7 spell levels left.
You knew the following spells:

 Your Spells              Type           Power        Failure   Level  Hunger
a - Beastly Appendage     Tmut           #.....       26%         1    ##.....


Dungeon Overview and Level Annotations

Branches:
Dungeon (8/15)             Temple (1/1) D:4
   Lair: D:8-11

Altars:
Ashenzari
Cheibriados
Dithmenos
Fedhas
Gozag
Hepliaklqana
Kikubaaqudgha
Makhleb
Nemelex Xobeh
Okawaru
Qazlal
Ru
Sif Muna
Trog
Uskayaw
Vehumet
Wu Jian
Xom
Zin
The Shining One

Shops:
D:4 }


Innate Abilities, Weirdness & Mutations

You can breathe bolts of dispelling energy.
Your rich purple scales are hard. (AC +7)
You cannot fit into any form of body armour.
You are cold-blooded and may be slowed by cold attacks.


Message History

There is a stone staircase leading up here.
You feel sick.
The killer bee stings you but does no damage.
The killer bee closely misses you.
You climb upwards.
There is a stone staircase leading down here.
Throwing (i - inventory):
l - 2 throwing nets (quivered)
Press: ? - help, Shift-Dir - straight line, f - killer bee
Aim: a killer bee You throw a throwing net.
The throwing net hits the killer bee.
The killer bee is caught in the net!
The killer bee struggles against the net. x2
You punch the killer bee!
The killer bee is severely wounded.
The killer bee struggles against the net.
The net rips apart, and the killer bee comes free!
You miss the killer bee.
The killer bee is severely wounded.
You feel sick. The killer bee misses you. The killer bee stings you!
You die...

+##'###.# #..>....# .##.#
#.# #..>....# .##'###.#
########### .#...##.###
#.......# .#........#
#.......# [#....#.#.#
#.......#
......#...####^......#
...##.######.........#######
...........'...y@..........#
#####.######.....#########.#
# #.# #.....# #.# #
#.############ #.#
#####......######### #.#
#..........+.......#
#.######
#.####.....#######.#
#.##.... #.# ####+#......#.#
#.##.###
#.#######.#.##.....#
###'##.#


You could see a killer bee.

Vanquished Creatures
  Pikel (D:7)
  The ghost of p0werm0de the Skirmisher, a novice DsFi of Ashenzari (D:5)
  Prince Ribbit (D:7)
  An ice beast (D:6)
  2 sky beasts
  A slave (D:7)
  4 ogres
  A centaur (D:2)
  A phantom (D:4)
  A bullfrog (D:6)
  3 scorpions
  2 killer bees (D:8)
  A wight (D:4)
  A howler monkey (D:7)
  A quasit (D:4)
  A centaur zombie (D:6)
  A jelly (D:7)
  A bullfrog skeleton (D:4)
  2 orc wizards
  An orc priest (D:5)
  An iguana (D:4)
  A worker ant (D:4)
  A hound skeleton (D:8)
  Robin (D:4)
  7 gnolls
  8 adders
  A shadow imp (D:5)
  4 oozes
  An adder skeleton (D:5)
  6 worms
  3 dart slugs
  3 leopard geckos
  20 orcs
  3 ball pythons
  3 bats
  4 giant cockroaches
  9 goblins
  10 hobgoblins
  4 jackals
  14 kobolds
  4 quokkas
  3 frilled lizards
  A leopard gecko skeleton (D:4)
  6 rats
146 creatures vanquished.

Vanquished Creatures (others)
  A shadow imp (D:7)
1 creature vanquished.

Grand Total: 147 creatures vanquished

Notes
Turn   | Place    | Note
-------+----------+-------------------------------------------
     0 | D:1      | KristoblXynda the Draconian Monk began the quest for the Orb.
     0 | D:1      | Reached XP level 1. HP: 19/19 MP: 1/1
     0 | D:1      | Upgraded the game from 0.22-a0-91-g23542c2 to 0.22-a0-93-g6b88ebb
   146 | D:1      | Reached XP level 2. HP: 25/26 MP: 2/2
   507 | D:1      | Reached XP level 3. HP: 32/33 MP: 3/3
   931 | D:2      | Reached skill level 4 in Fighting
  1408 | D:2      | Reached XP level 4. HP: 38/40 MP: 4/4
  1465 | D:2      | Noticed a centaur
  1472 | D:2      | Killed a centaur
  1472 | D:2      | Reached XP level 5. HP: 30/47 MP: 5/5
  2118 | D:3      | Identified the Handbook of Helpful Shape Shifting
  2232 | D:3      | Reached skill level 5 in Fighting
  2266 | D:3      | Reached XP level 6. HP: 46/56 MP: 6/6
  2974 | D:4      | Reached skill level 5 in Unarmed Combat
  3028 | D:4      | Noticed Robin
  3045 | D:4      | Killed Robin
  3059 | D:4      | Your scales start taking on a rich purple colour.
  3059 | D:4      | Reached XP level 7. HP: 50/62 MP: 7/7
  3300 | D:4      | Found Urchenar's Gadget Shop.
  3390 | D:4      | Learned a level 1 spell: Beastly Appendage
  3393 | D:4      | Found a staircase to the Ecumenical Temple.
  3403 | Temple   | Entered the Ecumenical Temple
  3413 | Temple   | Became a worshipper of the Wu Jian Council
  3413 | Temple   | Reached * piety under Wu Jian
  3413 | Temple   | Reached ** piety under Wu Jian
  3631 | D:4      | Reached skill level 6 in Fighting
  3631 | D:4      | Reached skill level 5 in Dodging
  3873 | D:5      | Entered Level 5 of the Dungeon
  3883 | D:5      | Noticed p0werm0de's ghost (novice DsFi)
  3958 | D:5      | HP: 3/63 [p0werm0de's ghost (4)]
  3965 | D:5      | Killed p0werm0de's ghost
  3965 | D:5      | Reached XP level 8. HP: 4/71 MP: 8/8
  4594 | D:5      | Reached skill level 7 in Fighting
  4932 | D:5      | Noticed a two-headed ogre
  5382 | D:6      | Found a stormy altar of Qazlal.
  5582 | D:6      | Found an ornate altar of the Wu Jian Council.
  5753 | D:6      | Found an ancient bone altar of Kikubaaqudgha.
  5754 | D:6      | Found a blossoming altar of Fedhas.
  5891 | D:6      | Found a radiant altar of Vehumet.
  5891 | D:6      | Found a sacrificial altar of Ru.
  5892 | D:6      | Found a shimmering altar of Xom.
  6036 | D:6      | Found a bloodstained altar of Trog.
  6386 | D:7      | Noticed Prince Ribbit
  6416 | D:7      | Killed Prince Ribbit
  6416 | D:7      | Reached skill level 8 in Fighting
  6807 | D:7      | Reached XP level 9. HP: 69/81 MP: 9/9
  7126 | D:7      | Noticed Pikel
  7157 | D:7      | Killed Pikel
  7617 | D:8      | Reached skill level 1 in Evocations
  7644 | D:8      | Noticed a queen bee
  7649 | D:7      | Slain by a killer bee

Vault maps used:
D:1:      dpeg_arrival_rhombi
D:3:      st_stairs_10, minmay_checkerbox
D:4:      minmay_temple_entry_poolview, serial_shops, shop, uniq_robin
D:5:      first_ration
D:6:      grunt_temple_overflow_growth_and_decay,
          gammafunk_temple_overflow_claw, old_standard_altar,
          lightli_temple_of_fire, basic_altar, lemuel_flame_loot_1
D:7:      uniq_prince_ribbit1, uniq_pikel
D:8:      elyvilon_altar_4, nicolae_ossuary_entry_ruins, nrook_pool_corridor,
          david_nohive_1, uniq_joseph
Temple:   cyrus_circular_temple

Skill      XL: |  1  2  3  4  5  6  7  8  9 |
---------------+----------------------------+-----
Dodging        | 3 4 5 6 7 |  7.3
Fighting       | 4 5 6 8 |  8.7
Unarmed Combat | 4 5 6 7 |  7.9
Evocations     | 1 |  1.1
Stealth        | |  1.7

Action                   |  1- 3 |  4- 6 |  7- 9 || total
-------------------------+-------+-------+-------++-------
Melee: Unarmed           |    52 |       |   315 ||   367
       Tailslap          |    12 |    28 |    52 ||    92
       Dagger            |    49 |   211 |    23 ||   283
       Punch             |       |     4 |     5 ||     9
       Kick              |       |       |    11 ||    11
       Headbutt          |       |       |     6 ||     6
Throw: Throwing net      |       |       |     2 ||     2
 Cast: Beastly Appendage |       |       |     2 ||     2
Invok: Lunge             |       |       |    15 ||    15
       Wall Jump         |       |       |    10 ||    10
       Whirlwind         |       |       |    14 ||    14
 Abil: Breathe Dispellin |       |       |     8 ||     8
  Use: Scroll            |       |     2 |    12 ||    14
       Potion            |       |       |     6 ||     6
 Stab: Sleeping          |     7 |     2 |     7 ||    16
  Eat: Chunk             |     1 |     4 |     5 ||    10
       Ration            |       |     1 |     3 ||     4
Armor: Skin              |    22 |    55 |    83 ||   160
Dodge: Dodged            |    82 |   142 |   192 ||   416

Table legend:
 A = Spawn XP
 B = Non-spawn XP
 C = Spawn XP percentage of total XP
 D = Spawn monster count
 E = Non-spawn monster count
 F = Spawn count percentage of total count
 G = Total turns spent on level
                    A         B        C        D         E        F      G
               +---------+---------+-------+---------+---------+-------+---------
         Total |       0 |    3805 |   0.0 |       0 |     145 |   0.0 |  7649
               +---------+---------+-------+---------+---------+-------+---------
           D:1 |       0 |      43 |   0.0 |       0 |      21 |   0.0 |   744
           D:2 |       0 |     235 |   0.0 |       0 |      23 |   0.0 |  1295
           D:3 |       0 |     161 |   0.0 |       0 |      33 |   0.0 |   704
           D:4 |       0 |     538 |   0.0 |       0 |      25 |   0.0 |  1070
           D:5 |       0 |     816 |   0.0 |       0 |      11 |   0.0 |  1320
           D:6 |       0 |     575 |   0.0 |       0 |      19 |   0.0 |   960
           D:7 |       0 |    1183 |   0.0 |       0 |       8 |   0.0 |  1438
           D:8 |       0 |     254 |   0.0 |       0 |       5 |   0.0 |    58
               +---------+---------+-------+---------+---------+-------+---------
